 Dungeon Crawl Stone Soup version bcrawl-1.21.3-16-g7f46a08de7 (webtiles) character file.

Game seed: 5590527845777356552

4795 Chiseanne the Fighter (level 10, -6/80 HPs)
             Began as a Mummy Archaeologist on May 3, 2020.
             Was an Initiate of Gozag.
             Killed from afar by Harold (25 damage)
             ... with a bolt of fire
             ... on level 8 of the Dungeon.
             The game lasted 00:23:28 (9288 turns).

Chiseanne the Fighter (Mummy Archaeologist)         Turns: 9288, Time: 00:23:29

Health: -6/80      AC: 15    Str: 14    XL:     10   Next: 24%
Magic:  13/13      EV: 10    Int: 17    God:    Gozag
Gold:   441        SH: 12    Dex: 11    Spells: 13/13 levels left

rFire    x . .     SeeInvis +   a - +4 eveningstar (flame)
rCold    + . .     Gourm    .   z - +3 medium shield of Salvation {rN+}
rNeg     + + +     Faith    .   s - +2 scale mail {rPois}
rPois    ∞         Spirit   .   c - +1 hat
rElec    .         Reflect  .   p - +0 cloak
rCorr    .         Harm     .   q - +0 pair of gloves
MR       ++...     Clarity  +   d - +1 pair of boots
Stlth    +.........             (no amulet)
HPRegen  0.23/turn              n - ring of protection from magic
MPRegen  0.13/turn              B - ring of see invisible

@: no status effects
A: no food or potions, fire vulnerability, clarity, cold resistance 1, negative
energy resistance 3, torment resistance, unbreathing
a: Potion Petition, Call Merchant, Bribe Branch, Renounce Religion


You were on level 8 of the Dungeon.
You worshipped Gozag.
Gozag was aware of your devotion.
You were not hungry.

You visited 2 branches of the dungeon, and saw 9 of its levels.
You also visited: Ossuary.

You collected 1159 gold pieces.
You spent 412 gold pieces at shops.
You paid 306 gold pieces to Gozag.

Inventory:

Hand Weapons
 a - a +4 eveningstar of flaming (weapon)
 i - a +3 falchion of electrocution
 w - a +1 hunting sling
Missiles
 b - 66 needles of frenzy
 g - 145 tomahawks (quivered)
 h - 593 stones
 j - 170 bolts
 k - 612 sling bullets
 o - a throwing net {!f}
 x - 195 poisoned needles
Armour
 c - a +1 hat (worn)
 d - a +1 pair of boots (worn)
 p - a +0 cloak (worn)
 q - a +0 pair of gloves (worn)
 s - a +2 scale mail of poison resistance (worn)
 z - the +3 medium shield of Salvation (worn) {rN+}
   (You bought it in a shop on level 5 of the Dungeon)

   It protects you from negative energy.
Magical Staves
 u - an uncursed staff of wizardry
Jewellery
 m - an uncursed ring of flight
 n - a ring of protection from magic (left hand)
 B - a ring of see invisible (right hand)
Scrolls
 e - 4 scrolls of magic mapping
 f - 7 scrolls of identify
 l - 3 scrolls of remove curse
 r - a scroll of blinking
 t - a scroll of teleportation
 A - 2 scrolls of amnesia
 C - a scroll of enchant armour


   Skills:
 * Level 8.0 Fighting
 - Level 0.7 Maces & Flails
 * Level 6.1 Armour
 - Level 6.8 Dodging
 - Level 2.6 Stealth
 * Level 5.5 Shields
 * Level 2.3 Spellcasting


You had 13 spell levels left.
You didn't know any spells.
Your spell library contained the following spells:

 Spells                   Type           Power        Failure   Level  Hunger
 Shock                    Conj/Air       #....        93%         1    N/A
 Poisonous Vapours        Pois/Air       #.....       98%         2    N/A
 Swiftness                Chrm/Air       #.......     98%         2    N/A
 Conjure Flame            Conj/Fire      #.......     100%        3    N/A
 Mephitic Cloud           Conj/Pois/Air  #.......     100%        3    N/A
 Static Discharge         Air            #.......     100%        3    N/A
 Airstrike                Air            #.........   100%        4    N/A
 Lightning Bolt           Conj/Air       #.........   100%        5    N/A
 Freezing Cloud           Ice/Air        #.........   100%        6    N/A
 Steam Barrier            Chrm/Fire      #.........   100%        6    N/A

Dungeon Overview and Level Annotations

Branches:
Dungeon (8/12)             Temple (1/1) D:7            Lair (0/6) D:7
    Orc: D:8-11

Altars:
Ashenzari
Cheibriados
Dithmenos
Elyvilon
Fedhas
Gozag
Hepliaklqana
Kikubaaqudgha
Lugonu
Makhleb
Okawaru
Qazlal
Ru
Sif Muna
Trog
Uskayaw
Wu Jian
Xom
Yredelemnul
Zin
The Shining One

Shops:
D:5 [=*}

Annotations:
D:2 1 runed door, Sigmund
D:5 Pikel
D:8 Harold


Innate Abilities, Weirdness & Mutations

You do not eat or drink.
Your flesh is vulnerable to fire.
You are immune to poison.
You possess an exceptional clarity of mind.
Your flesh is cold resistant. (rC+)
You are immune to negative energy. (rN+++)
You are immune to unholy pain and torment.
You can survive without breathing.


Message History

You block Harold's attack.
Harold hits you with a +0 trident of freezing.
You sock Harold! You burn Harold.
Harold is heavily wounded.
Harold hits you with a +0 trident of freezing!
* * * LOW HITPOINT WARNING * * *
Harold freezes you.
* * * LOW HITPOINT WARNING * * *
You closely miss Harold.
Harold is heavily wounded.
Harold completely misses you. You block Harold's attack.
You barely miss Harold.
Harold is moderately wounded.
Harold closely misses you. Harold blocks your attack.
Harold is moderately wounded.
Harold gestures at you while chanting. The fire burns you terribly!
The bolt of fire hits you!!
You die...
Your body crumbles into a pile of gold.

###.# ##..@###
####......#
..........#
####......##
##......##
#######..#####
##.....##.....#
##......@#.#####
$ #....<...@##
#.♣.....♣.#
#.........#
##..♣.♣..##
##.......#
.[.......#
+.........'.
#.........##


You could see Harold.

Vanquished Creatures
  A hippogriff (D:6)
  3 yaks (D:8)
  A hungry ghost (D:7)
  3 wargs
  Menkaure (D:5)
  Duvessa (D:4)
  An ice beast (D:5)
  2 sky beasts
  A water moccasin (D:6)
  An ogre (D:6)
  2 slaves (D:5)
  2 necrophages
  3 phantoms
  3 centaurs
  6 bullfrogs
  Blork the orc (D:4)
  A big kobold (D:7)
  A gnoll sergeant (D:7)
  A wyvern zombie (D:8)
  Dowan (D:4)
  2 scorpions (D:4)
  3 wights (D:7)
  A howler monkey (D:6)
  5 crimson imps
  3 centaur zombies
  4 hounds
  A jelly (D:5)
  3 orc wizards (D:4)
  7 orc priests
  Crazy Yiuf (D:3)
  A human skeleton (D:2)
  2 iguanas
  2 worker ants
  Natasha (thrice) (D:4)
  6 big kobold zombies (Ossuary)
  2 hound skeletons
  2 mummies (Ossuary)
  8 adders
  4 gnolls
  A shadow imp (D:4)
  2 oozes (D:4)
  An adder zombie (D:5)
  3 worms
  3 dart slugs
  32 orcs
  4 giant cockroaches
  5 hobgoblins
  8 jackals
  8 quokkas
  A ball python (D:1)
  7 bats
  2 frilled lizards
  A goblin (D:2)
  2 goblin zombies (Ossuary)
  5 hobgoblin zombies (Ossuary)
  A jackal skeleton (D:2)
  2 jackal zombies
  10 kobolds
  An orc zombie (Ossuary)
  A quokka skeleton (D:5)
  2 rats (D:1)
198 creatures vanquished.

Notes
Turn   | Place    | Note
-------+----------+-------------------------------------------
     0 | D:1      | Chiseanne the Mummy Archaeologist began the quest for the
                  | Orb.
     0 | D:1      | Reached XP level 1. HP: 15/15 MP: 1/1
   369 | D:1      | Reached XP level 2. HP: 17/21 MP: 2/2
   640 | D:1      | Reached skill level 2 in Fighting
   973 | D:2      | Found a runed door.
   973 | D:2      | Noticed a human
  1006 | D:2      | Reached XP level 3. HP: 13/28 MP: 3/3
  1159 | D:2      | Found a basalt altar of Yredelemnul.
  1184 | D:2      | Found a glowing silver altar of Zin.
  1192 | D:2      | Noticed Sigmund
  1738 | D:3      | Reached XP level 4. HP: 20/34 MP: 4/4
  2152 | D:3      | Found a faded altar of an unknown god.
  2189 | D:3      | Reached skill level 3 in Fighting
  2352 | D:3      | Reached skill level 1 in Armour
  2701 | D:3      | Reached XP level 5. HP: 19/41 MP: 5/5
  2701 | D:3      | Identified a scroll of acquirement
  2711 | D:3      | Identified the ring of the Final Decision {rF+ rC+ MR+
                  | Int-3 Stlth+} (You acquired it on level 3 of the Dungeon)
  3168 | D:3      | Found a runed door.
  3290 | D:3      | Noticed Crazy Yiuf
  3296 | D:3      | Killed Crazy Yiuf
  3486 | D:4      | Reached XP level 6. HP: 35/48 MP: 6/6
  3583 | D:4      | Reached skill level 4 in Fighting
  3734 | D:4      | Noticed Blork the orc
  3745 | D:4      | Killed Blork the orc
  3745 | D:4      | Reached skill level 1 in Shields
  3745 | D:4      | Reached XP level 7. HP: 50/55 MP: 7/7
  3889 | D:4      | Noticed Duvessa
  3908 | D:4      | Noticed Dowan
  3912 | D:4      | Killed Duvessa
  3915 | D:4      | Killed Dowan
  3992 | D:4      | Noticed Natasha
  4003 | D:4      | Killed Natasha
  4003 | D:4      | Reached skill level 5 in Fighting
  4018 | D:4      | Noticed Natasha
  4028 | D:4      | Killed Natasha
  4067 | D:4      | Noticed Natasha
  4078 | D:4      | Killed Natasha
  4142 | D:4      | Reached skill level 5 in Dodging
  4142 | D:4      | Reached XP level 8. HP: 61/62 MP: 8/8
  4292 | D:4      | Found an ornate altar of the Wu Jian Council.
  4477 | D:5      | Entered Level 5 of the Dungeon
  4477 | D:5      | Found a sand-covered staircase.
  4493 | Ossuary  | Entered an ossuary
  5203 | D:5      | Found Xatrulla's General Store.
  5209 | D:5      | Found Geora's Jewellery Emporium.
  5214 | D:5      | Found a blossoming altar of Fedhas.
  5216 | D:5      | Noticed Menkaure
  5224 | D:5      | Killed Menkaure
  5224 | D:5      | Reached skill level 6 in Fighting
  5516 | D:5      | Found Cacod's Gadget Emporium.
  5619 | D:5      | Found Udweudgh's Antique Armour Emporium.
  5626 | D:5      | Bought a pitted medium shield for 237 gold pieces
  5627 | D:5      | Identified the +3 medium shield of Salvation {rN+} (You
                  | bought it in a shop on level 5 of the Dungeon)
  5636 | D:5      | Bought a shiny scale mail for 175 gold pieces
  5879 | D:6      | Noticed Pikel
  6156 | D:6      | Reached XP level 9. HP: 69/69 MP: 9/9
  6603 | D:6      | Reached skill level 5 in Armour
  6807 | D:6      | Found an iron altar of Okawaru.
  6818 | D:6      | Noticed a troll
  6823 | D:6      | a troll changed into a hippogriff
  7043 | D:7      | Reached skill level 7 in Fighting
  7372 | D:7      | Found a staircase to the Ecumenical Temple.
  7568 | Temple   | Entered the Ecumenical Temple
  7864 | Temple   | Became a worshipper of Gozag Ym Sagoz the Greedy
  8407 | D:7      | Reached skill level 5 in Shields
  8562 | D:7      | Found a staircase to the Lair.
  8700 | D:7      | Reached XP level 10. HP: 79/79 MP: 10/10
  8945 | D:8      | Reached skill level 1 in Spellcasting
  9176 | D:8      | Noticed Harold
  9240 | D:8      | Reached skill level 8 in Fighting
  9288 | D:8      | Killed from afar by Harold

Skill      XL: |  1  2  3  4  5  6  7  8  9 10 |
---------------+-------------------------------+-----
Fighting       | 2 3 4 5 6 7 8 |  8.0
Dodging        | 3 4 5 6 |  6.8
Armour         | 1 2 3 4 5 6 |  6.1
Shields        | 1 2 3 5 |  5.5
Spellcasting   | 2 |  2.3
Maces & Flails | |  0.7
Stealth        | |  2.6

Action                   |  1- 3 |  4- 6 |  7- 9 | 10-12 || total
-------------------------+-------+-------+-------+-------++-------
Melee: Short sword       |   150 |     2 |       |       ||   152
       Whip              |     2 |       |       |       ||     2
       Mace              |       |    44 |       |       ||    44
       Eveningstar       |       |   102 |   409 |    73 ||   584
 Fire: Hunting sling     |     4 |    86 |    26 |       ||   116
Throw: Throwing net      |     1 |       |       |       ||     1
       Tomahawk          |       |     2 |       |       ||     2
Evoke: Wand              |       |       |     3 |     4 ||     7
  Use: Scroll            |     7 |     5 |     6 |       ||    18
 Stab: Sleeping          |     4 |       |     2 |       ||     6
       Held in net/web   |     1 |       |       |       ||     1
       Paralysed         |       |       |     3 |       ||     3
       Distracted        |       |       |       |     1 ||     1
Armor: Robe              |    68 |       |       |       ||    68
       Ring mail         |     4 |    64 |   121 |       ||   189
       Scale mail        |       |       |   144 |    18 ||   162
Dodge: Dodged            |   117 |   126 |   257 |    29 ||   529
Block: Buckler           |       |     3 |    45 |       ||    48
       Medium shield     |       |       |   213 |    50 ||   263
